 Dungeon Crawl Stone Soup version 0.30-a0-634-g8abc85282e (webtiles) character file.

Game seed: 13728015679637111009

46344 wormed the Transmogrifier (level 14, -3/118 HPs)
             Began as an Octopode Transmuter on Jan 14, 2023.
             Was an Initiate of Gozag.
             Slain by a dire elephant (5 damage)
             ... on level 4 of the Lair of Beasts.
             The game lasted 00:24:01 (16923 turns).

wormed the Transmogrifier (Octopode Transmuter)    Turns: 16923, Time: 00:24:02

Health: -3/118     AC: 17    Str: 10    XL:     14   Next: 37%
Magic:  28/28      EV: 19    Int: 19    God:    Gozag
Gold:   1331       SH:  0    Dex: 13    Spells: 27/33 levels left

rFire   . . .      SeeInvis +      - Unarmed
rCold   + + +      Faith    .    (shield currently unavailable)
rNeg    . . .      Spirit   .    (helmet currently unavailable)
rPois   +          Reflect  .    j - amulet of regeneration
rElec   .          Harm     .    d - ring of poison resistance
rCorr   .          Rampage  .    w - +4 ring of protection
Will    +....                    s - ring of flight
Stlth   +                        x - +5 ring of evasion
HPRegen 1.19/turn                p - +4 ring of protection
MPRegen 0.21/turn                y - ring of Moral Flaws {rF+ SInv}
                                 (no ring)
                                 (no ring)

@: ice-form, wereblooded, gold aura, flying
A: freezing attack, boosted hp, almost no armour, amphibious, 8 rings, large,
(camouflage 1), (gelatinous body 1), (nimble swimmer 1), (tentacles)
a: End Transformation, Renounce Religion, Potion Petition, Call Merchant, Bribe
Branch


You were on level 4 of the Lair of Beasts.
You worshipped Gozag.
Gozag was most pleased with you.
You were a creature of crystalline ice.
You visited 3 branches of the dungeon, and saw 17 of its levels.
You also visited: Sewer and Gauntlet.

You collected 4615 gold pieces.
You spent 29 gold pieces at shops.
You paid 3255 gold pieces to Gozag.

Inventory:

Missiles
 g - 3 throwing nets
Armour
 z - a +2 hat of willpower (melded)
Jewellery
 d - a ring of poison resistance (left front paw)
 j - an amulet of regeneration (around neck)
 p - a +4 ring of protection (on tentacle)
 s - a ring of flight (on tentacle)
 w - a +4 ring of protection (right front paw)
 x - a +5 ring of evasion (on tentacle)
 y - the ring of Moral Flaws (on tentacle) {rF+ SInv}
   (You found it on level 8 of the Dungeon)

   [ring of protection from fire]

   rF:        It protects you from fire.
   SInv:      It lets you see invisible.
 M - a ring of resist corrosion
 O - a ring of positive energy
Wands
 n - a wand of charming (43)
 v - a wand of light (25)
 B - a wand of roots (6)
 J - a wand of flame (5)
 K - a wand of mindburst (3)
Scrolls
 b - a scroll of silence
 i - 2 scrolls of magic mapping
 k - 3 scrolls of enchant armour
 r - 4 scrolls of identify
 t - 4 scrolls of poison
 u - 2 scrolls of fog
 A - 4 scrolls of teleportation
 C - a scroll of blinking
 E - a scroll of fear
 G - a scroll of summoning
 N - a scroll of enchant weapon
Potions
 a - 6 potions of lignification
 c - 4 potions of attraction
 e - 5 potions of cancellation
 f - 2 potions of magic
 h - a potion of berserk rage
 l - 4 potions of resistance
 m - 4 potions of brilliance
 o - 2 potions of flight
 q - 2 potions of mutation
 D - a potion of haste
 F - 3 potions of heal wounds
 H - 3 potions of curing
 I - a potion of might
 L - a potion of invisibility


   Skills:
 + Level 10.8 Fighting
 + Level 11.0 Dodging
 + Level 11.1 Unarmed Combat
 + Level 10.1 Spellcasting
 * Level 12.5 Transmutations
 - Level 4.0 Ice Magic


You had 27 spell levels left.
You knew the following spells:

 Your Spells              Type           Power      Damage    Failure   Level
a - Wereblood             Tmut           55%        N/A       1%          2
b - Ice Form              Ice/Tmut       41%        N/A       2%          4

Your spell library contained the following spells:

 Spells                   Type           Power      Damage    Failure   Level
 Beastly Appendage        Tmut           100%       N/A       1%          1
 Sting                    Tmut/Pois      100%       1d8       1%          1
 Spider Form              Tmut/Pois      33%        N/A       1%          3
 Blade Hands              Tmut           27%        N/A       1%          5
 Ensorcelled Hibernation  Hex/Ice        34%        N/A       4%          2
 Frozen Ramparts          Ice            48%        1d8       4%          3
 Magic Dart               Conj           36%        1d4       8%          1
 Blink                    Tloc           18%        N/A       11%         2
 Call Imp                 Summ           9%         N/A       11%         2
 Cigotuvi's Dreadful Rot  Necr/Pois/Air  18%        N/A       11%         2
 Momentum Strike          Conj/Tloc      18%        3d8       11%         2
 Poisonous Vapours        Pois/Air       18%        N/A       11%         2
 Searing Ray              Conj           18%        2d5       11%         2
 Yara's Violent Unravell  Hex/Tmut       16%        3d8       16%         5
 Gell's Gravitas          Tloc           9%         N/A       22%         3
 Inner Flame              Hex/Fire       9%         N/A       22%         3
 Lesser Beckoning         Tloc           18%        N/A       22%         3
 Mephitic Cloud           Conj/Pois/Air  9%         N/A       22%         3
 Portal Projectile        Hex/Tloc       18%        N/A       22%         3
 Summon Guardian Golem    Hex/Summ       9%         N/A       22%         3
 Teleport Other           Tloc           9%         N/A       22%         3
 Tukima's Dance           Hex            9%         N/A       22%         3
 Summon Ice Beast         Ice/Summ       17%        N/A       32%         4
 Anguish                  Hex/Necr       4%         N/A       58%         4
 Flame Wave               Conj/Fire      9%         2d6       58%         4
 Fulminant Prism          Conj/Hex       4%         3d5       58%         4
 Leda's Liquefaction      Hex/Erth       4%         N/A       58%         4
 Olgreb's Toxic Radiance  Pois           9%         N/A       58%         4
 Sticky Flame             Conj/Fire      9%         2d3       58%         4
 Statue Form              Tmut/Erth      22%        N/A       65%         6
 Fireball                 Conj/Fire      4%         3d4       90%         5
 Iskenderun's Battlesphe  Conj           9%         2d6       90%         5
 Lee's Rapid Deconstruct  Erth           4%         3d5*      90%         5
 Conjure Ball Lightning   Conj/Air       4%         3x3d6     100%        6
 Orb of Destruction       Conj           4%         9d5       100%        7
 Spellforged Servitor     Conj/Summ      4%         N/A       100%        7


Dungeon Overview and Level Annotations

Branches:
Dungeon (11/15)            Temple (1/1) D:6            Lair (5/5) D:9
 Shoals (0/4) Lair:2        Snake (0/4) Lair:2        Slime (0/5) Lair:4
    Orc (0/2) D:11          Sewer (visited)         Gauntlet (visited)

Altars:
Ashenzari
Cheibriados
Dithmenos
Elyvilon
Fedhas
Gozag
Hepliaklqana
Kikubaaqudgha
Makhleb
Nemelex Xobeh
Okawaru
Qazlal
Ru
Sif Muna
Trog
Uskayaw
Vehumet
Wu Jian
Xom
Yredelemnul
Zin
The Shining One
Jiyva

Shops:
D:3 [   D:8 :   D:9 !   D:10 *(   D:11 :   Lair:2 [   Lair:4 !

Annotations:
D:9 exclusion: orange crystal statue


Innate Abilities, Weirdness & Mutations

You are a creature of crystalline ice.
You have a powerful freezing melee attack.
Your maximum health is increased.
Your armour is entirely melded.
You are incapable of wielding weapons or throwing items.
You cannot wear most types of armour.
You are amphibious.
You can wear up to eight rings at the same time.
((Your skin changes colour to match your surroundings (Stealth+).))
((Your rubbery body absorbs attacks. (AC +1, EV +1)))
((You are camouflaged when in or above water. (Stealth+)))
((You have tentacles for arms and can constrict up to eight enemies at once.))


Message History

The dire elephant trunk-slaps you. A mysterious force pulls you upwards.
The hatch slams shut behind you.
You punch the dire elephant! You freeze the dire elephant.
The dire elephant is lightly wounded.
You hit the dire elephant. You freeze the dire elephant.
The dire elephant is lightly wounded.
The dire elephant barely misses you.
The dire elephant trunk-slaps you but does no damage.
You hit the dire elephant. You freeze the dire elephant.
The dire elephant is moderately wounded.
The dire elephant is distracted by your dazzling golden aura.
The dire elephant trumpets!
You pummel the dire elephant!! You freeze the dire elephant!
The dire elephant is no longer distracted by gold.
The dire elephant is heavily wounded.
The dire elephant tramples you!
You are shoved backwards!
You hit the dire elephant but do no damage.
The dire elephant is heavily wounded.
The dire elephant is distracted by your dazzling golden aura.
You catch the helpless dire elephant completely off-guard!
You pummel the dire elephant!! You freeze the dire elephant.
The dire elephant is no longer distracted by gold.
The dire elephant is almost dead.
You hit the dire elephant but do no damage.
The dire elephant is almost dead.
The dire elephant tramples you but does no damage.
The dire elephant trunk-slaps you but does no damage.
You hit the dire elephant. You freeze the dire elephant.
The dire elephant is almost dead.
The dire elephant tramples you!
* * * LOW HITPOINT WARNING * * *
You hold your ground!
The dire elephant trunk-slaps you.
* * * LOW HITPOINT WARNING * * *
You hit the dire elephant but do no damage.
The dire elephant is almost dead.
The dire elephant tramples you!!
* * * LOW HITPOINT WARNING * * *
You hold your ground!
The dire elephant trunk-slaps you.
You die...
Your body crumbles into a pile of gold.

...........### ####P......#
............P## #..........#
............P.# ##.........####
.............P# #............#
.............## #.............
.##..P..##.### ##.............
.###..####.##### #P.......#.._..
....#..# ###...####......##......
P...#..#####....Y........###..P..
PP..............#Y####...##......
....P..............#####.....P.P.
...P...............##.##......P..
...P.P.......♣♣..................
..P.P.......♣PP.♣.............>..
.PPP......?♣♣.♣.♣♣♣..............
PPPP#......♣P♣..♣P♣♣♣............
...##......♣♣...∩?P♣♣............


You could see a dire elephant.

Vanquished Creatures
  Gastronok (D:8)
  A minotaur (Gauntlet)
  Josephine (Lair:3)
  A catoblepas (Lair:4)
  A hydra (Lair:3)
  A two-headed ogre (D:10)
  3 boulder beetles
  6 death yaks
  Urug (Lair:3)
  Amaemon (D:8)
  A fire crab (Lair:4)
  Pikel (D:4)
  15 elephants
  A cyclops (shapeshifter) (Gauntlet)
  6 black mambas
  A merfolk siren (Lair:2)
  An orange demon (D:8)
  7 cane toads
  Maggie (D:8)
  An unseen horror (shapeshifter) (Gauntlet)
  13 komodo dragons
  A meliai (shapeshifter) (Gauntlet)
  3 trolls
  2 polar bears
  A tyrant leech (Gauntlet)
  5 hornets
  9 blink frogs
  2 shadows (D:11)
  49 yaks
  5 wraiths
  2 wyverns
  Eustachio (D:6)
  A basilisk (Lair:2)
  2 steam dragons (D:6)
  3 vampire mosquitoes (D:11)
  A naga (Lair:2)
  3 swamp worms (Gauntlet)
  18 water moccasins
  5 orc warriors
  A swamp drake (D:11)
  3 black bears
  4 wolves (Lair:5)
  An ogre (D:11)
  2 centaurs
  A lemure (D:4)
  2 phantoms (D:6)
  3 kobold brigands
  12 bullfrogs
  A necrophage (D:6)
  A gnoll sergeant (D:10)
  6 scorpions
  5 wights (D:7)
  14 killer bees
  An electric eel (D:9)
  2 howler monkeys (D:6)
  9 jellies
  5 orc priests
  3 hounds
  3 gnoll boudas
  An iguana (D:4)
  Terence (D:2)
  15 orc wizards
  4 hell rats (Lair:5)
  28 gnolls
  8 adders
  A white imp (D:6)
  3 ufetubi
  3 worms
  2 dart slugs (D:2)
  46 orcs
  7 ball pythons
  4 endoplasms
  4 giant cockroaches
  4 goblins
  3 hobgoblins
  2 jackals (D:3)
  3 quokkas
  10 bats
  2 frilled lizards
  15 kobolds
  7 rats
430 creatures vanquished.

Vanquished Creatures (others)
  A wizard (D:8)
  A jelly (D:5)
  An iguana (D:5)
  A gnoll (D:5)
  2 orcs (D:11)
  A bush (Lair:4)
  25 fungi
  157 plants
  2 withered plants (Lair:5)
191 creatures vanquished.

Grand Total: 621 creatures vanquished

Notes
Turn   | Place    | Note
-------+----------+-------------------------------------------
     0 | D:1      | wormed the Octopode Transmuter began the quest for the Orb.
     0 | D:1      | Reached XP level 1. HP: 13/13 MP: 3/3
   303 | D:1      | Reached XP level 2. HP: 18/18 MP: 3/5
   984 | D:2      | Learned a level 2 spell: Wereblood
  1357 | D:2      | Reached XP level 3. HP: 13/23 MP: 2/6
  1366 | D:2      | Reached skill level 1 in Ice Magic
  1635 | D:2      | Noticed Terence
  1649 | D:2      | Killed Terence
  1650 | D:2      | Reached XP level 4. HP: 10/29 MP: 4/7
  3120 | D:3      | Found Rocuc's Antique Armour Boutique.
  3235 | D:3      | Learned a level 4 spell: Ice Form
  3423 | D:4      | Reached XP level 5. HP: 22/34 MP: 4/8
  3552 | D:4      | Noticed a lemure
  3583 | D:4      | Killed a lemure
  3588 | D:4      | Found a glowing drain.
  3592 | Sewer    | Entered a sewer
  3716 | Sewer    | Noticed a water moccasin
  3726 | Sewer    | Killed a water moccasin
  3727 | Sewer    | Reached skill level 3 in Transmutations
  3727 | Sewer    | Reached XP level 6. HP: 41/41 MP: 4/10
  3971 | D:4      | Noticed Pikel
  3990 | D:4      | Killed Pikel
  3991 | D:4      | Reached XP level 7. HP: 28/46 MP: 1/12
  4478 | D:5      | Entered Level 5 of the Dungeon
  4489 | D:5      | Reached skill level 4 in Transmutations
  4489 | D:5      | Reached XP level 8. HP: 52/52 MP: 8/13
  4586 | D:5      | Found a glowing golden altar of the Shining One.
  4794 | D:5      | Found a shimmering blue altar of Sif Muna.
  4872 | D:5      | Found a shimmering altar of Xom.
  4927 | D:5      | Reached skill level 5 in Unarmed Combat
  5255 | D:6      | Found a blossoming altar of Fedhas.
  5274 | D:6      | Reached XP level 9. HP: 59/59 MP: 10/15
  5279 | D:6      | Reached skill level 5 in Dodging
  5279 | D:6      | Reached skill level 5 in Transmutations
  5279 | D:6      | Noticed Eustachio
  5288 | D:6      | Killed Eustachio
  5378 | D:6      | Noticed a hornet
  5389 | D:6      | Killed a hornet
  5390 | D:6      | Reached skill level 5 in Fighting
  5396 | D:6      | Reached skill level 5 in Spellcasting
  5418 | D:6      | Found a staircase to the Ecumenical Temple.
  5433 | Temple   | Entered the Ecumenical Temple
  5530 | Temple   | Became a worshipper of Gozag Ym Sagoz the Greedy
  5668 | D:6      | Found a sacrificial altar of Ru.
  5968 | D:6      | Found a sparkling altar of Nemelex Xobeh.
  6196 | D:7      | Reached skill level 6 in Transmutations
  6200 | D:7      | Reached XP level 10. HP: 68/68 MP: 13/18
  7222 | D:8      | Noticed Maggie
  7244 | D:8      | Killed Maggie
  7571 | D:8      | Noticed Gastronok
  7595 | D:8      | Killed Gastronok
  7596 | D:8      | Reached skill level 7 in Transmutations
  7863 | D:8      | Identified the ring of Moral Flaws {rF+ SInv}
  7920 | D:8      | Noticed Amaemon
  7922 | D:8      | Noticed an orange demon
  7938 | D:8      | Killed Amaemon
  7939 | D:8      | Reached XP level 11. HP: 65/75 MP: 15/21
  8053 | D:8      | Found a bloodstained altar of Trog.
  8054 | D:8      | Noticed a wizard
  8059 | D:8      | Killed a wizard
  8343 | D:9      | Found an iron altar of Okawaru.
  8385 | D:9      | Found a snail-covered altar of Cheibriados.
  8573 | D:9      | Found a staircase to the Lair.
  8677 | D:9      | Noticed an orange crystal statue
  8876 | D:9      | Found Foukkoc's Distillery.
  8963 | D:9      | Noticed a two-headed ogre
  8988 | D:10     | Entered Level 10 of the Dungeon
  9151 | D:10     | Noticed a two-headed ogre
  9164 | D:10     | Killed a two-headed ogre
  9174 | D:10     | Reached skill level 8 in Transmutations
  9316 | D:10     | Found Gitadudu's Assorted Antiques.
  9326 | D:10     | Bought a scroll labelled SOSHY UMNEXTI for 29 gold pieces
  9424 | D:10     | Found Beac's Weapon Shoppe.
 10076 | D:11     | Noticed a boulder beetle
 10163 | D:11     | Killed a boulder beetle
 10390 | D:11     | Noticed a boulder beetle
 10393 | D:11     | Reached XP level 12. HP: 84/84 MP: 16/23
 10418 | D:11     | Killed a boulder beetle
 10518 | D:11     | Found a staircase to the Orcish Mines.
 10751 | D:11     | Identified a scroll of acquirement
 10751 | D:11     | Acquired 487 gold pieces
 10811 | Lair:1   | Entered Level 1 of the Lair of Beasts
 10920 | Lair:1   | Reached skill level 9 in Transmutations
 11756 | Lair:2   | Found a staircase to the Shoals.
 11955 | Lair:2   | Found a gate leading to a gauntlet.
 11965 | Gauntlet | Entered a Gauntlet
 11965 | Gauntlet | Found a transporter.
 11965 | Gauntlet | Found a transporter.
 11969 | Gauntlet | Found a transporter.
 11969 | Gauntlet | Found a transporter.
 11969 | Gauntlet | Found a transporter.
 11971 | Gauntlet | Found a large runed translucent door.
 11972 | Gauntlet | Found a large runed translucent door.
 11973 | Gauntlet | Found a large runed translucent door.
 11973 | Gauntlet | Found a large runed translucent door.
 11973 | Gauntlet | Found a runed translucent door.
 11974 | Gauntlet | Found a large runed translucent door.
 11975 | Gauntlet | Found a large runed translucent door.
 11976 | Gauntlet | Found a large runed translucent door.
 11976 | Gauntlet | Found a large runed translucent door.
 11977 | Gauntlet | Found a runed translucent gate.
 11981 | Gauntlet | Found a transporter.
 11983 | Gauntlet | Found a transporter.
 11995 | Gauntlet | Found a transporter.
 12066 | Gauntlet | a tarantella changed into an entropy weaver
 12066 | Gauntlet | Noticed an entropy weaver (shapeshifter)
 12082 | Gauntlet | Found a transporter.
 12088 | Gauntlet | Found a large runed translucent door.
 12089 | Gauntlet | Found a large runed translucent door.
 12090 | Gauntlet | Found a large runed translucent door.
 12090 | Gauntlet | Found a large runed translucent door.
 12090 | Gauntlet | Found a runed translucent door.
 12091 | Gauntlet | Found a large runed translucent door.
 12092 | Gauntlet | Found a large runed translucent door.
 12093 | Gauntlet | Found a large runed translucent door.
 12093 | Gauntlet | Found a large runed translucent door.
 12094 | Gauntlet | Found a runed translucent gate.
 12094 | Gauntlet | Found a runed translucent gate.
 12096 | Gauntlet | Found a transporter.
 12100 | Gauntlet | Found a transporter.
 12110 | Gauntlet | Found a transporter.
 12236 | Gauntlet | Paralysed by a hornet for 1 turns
 12533 | Gauntlet | Noticed a minotaur
 12553 | Gauntlet | Killed a minotaur
 12619 | Gauntlet | Got the Folio of Star-crossed Impurities
 12777 | Lair:2   | Found a staircase to the Snake Pit.
 13100 | Lair:2   | Reached skill level 10 in Transmutations
 13553 | Lair:3   | Noticed an eight-headed hydra
 13561 | Lair:3   | Killed an eight-headed hydra
 13594 | Lair:3   | Noticed a death yak
 13594 | Lair:3   | Noticed a death yak
 13594 | Lair:3   | Noticed a death yak
 13594 | Lair:3   | Noticed a death yak
 13598 | Lair:3   | Noticed a death yak
 13608 | Lair:3   | Killed a death yak
 13609 | Lair:3   | Reached XP level 13. HP: 61/90 MP: 25/25
 13620 | Lair:3   | Reached skill level 10 in Unarmed Combat
 13792 | Lair:3   | Reached skill level 10 in Dodging
 14040 | Lair:3   | Noticed Urug
 14062 | Lair:3   | Killed Urug
 14387 | Lair:3   | Reached skill level 11 in Transmutations
 14458 | Lair:3   | Noticed Josephine
 14469 | Lair:3   | Killed Josephine
 14470 | Lair:3   | Reached skill level 10 in Fighting
 14992 | Lair:4   | Found a viscous altar of Jiyva.
 15000 | Lair:4   | Found a staircase to the Slime Pits.
 15808 | Lair:4   | Reached XP level 14. HP: 39/99 MP: 20/27
 15908 | Lair:4   | Reached skill level 12 in Transmutations
 16112 | Lair:5   | Entered Level 5 of the Lair of Beasts
 16362 | Lair:5   | Reached skill level 10 in Spellcasting
 16869 | Lair:5   | Noticed a dire elephant
 16901 | Lair:5   | Noticed a dire elephant
 16923 | Lair:4   | HP: 2/118 [dire elephant (28)]
 16923 | Lair:4   | Slain by a dire elephant

Illustrated notes

Levels and vault maps discovered:
D:1:      dpeg_arrival_refuge, layout_basic, serial_bayou_pond_d
D:2:      layout_basic, minmay_pentomino_z2, uniq_terence
D:3:      layout_basic, serial_shops, shop_fountains, guppyfry_early_lair_pool
D:4:      layout_rooms, gup_sewer_entry_bowl, uniq_pikel
D:5:      layout_basic, led_sif_pool, xom_confusion_cloud, tso_oasis_becter,
          minmay_crystal_room
D:6:      layout_loops_cross, fedhas_altar_1, nemelex_diamond_rough_becter,
          lemuel_crystal_altar, minmay_temple_entry_stoned_glass,
          minmay_starry_boxes, uniq_eustachio
D:7:      layout_loops_ring, kennysheep_generic_room_10
D:8:      layout_cave_pools, trog_wizard, grunt_decor_clamped,
          grunt_ministairs_10, minmay_crossroads, uniq_gastronok, uniq_maggie,
          uniq_amaemon
D:9:      layout_basic, nicolae_overflow_squiral,
          grunt_lair_entry_orc_guard_hut, serial_shops,
          nicolae_shop_behind_doors, minmay_protected_statue
D:10:     layout_roguey, serial_shops, nicolae_stop_n_shop_2, shop,
          lemuel_flamethrower_1
D:11:     layout_rooms, erik_orc_1
Temple:   nicolae_temple_bog_church
Lair:1:   layout_roguey, nicolae_quartered_pool_impasse
Lair:2:   layout_regular_city, minmay_shoals_entry_lonely_mermaid,
          guppyfry_snake_entry_garden, gauntlet_entry_generic
Lair:3:   layout_cave_pods, chequers_serial_rivers_room_a,
          infiniplex_staircase_pool_2, lemuel_fruit_fields, uniq_urug,
          uniq_josephine
Lair:4:   layout_cave_pods, nicolae_slime_entry_field_trip, serial_forest,
          infiniplex_forest_corner_2, infiniplex_forest_clump_large,
          infiniplex_forest_end_double, infiniplex_forest_straight_4,
          infiniplex_forest_zigzag_1, infiniplex_forest_side_room,
          infiniplex_forest_clump_small, infiniplex_forest_clump_large,
          nicolae_lair_grazing_beasts [nicolae_sub_lair_graze_edge,
          nicolae_sub_lair_graze_edge, nicolae_sub_lair_graze_edge,
          nicolae_sub_lair_graze_edge]
Lair:5:   due_jungle_book, layout_loops_ring, dreamdust_mushroom_princess,
          serial_bayou_shore_a

Skill      XL: |  1  2  3  4  5  6  7  8  9 10 11 12 13 14 |
---------------+-------------------------------------------+-----
Ice Magic      | 1 2 3 4 |  4.0
Fighting       | 2 3 4 5 7 8 9 10 | 10.8
Dodging        | 3 4 6 7 8 9 10 11 | 11.0
Transmutations | 3 4 6 7 8 10 11 12 | 12.5
Spellcasting   | 3 4 5 6 7 8 9 10 | 10.1
Unarmed Combat | 4 5 6 7 8 9 10 11 | 11.1

Action                   |  1- 3 |  4- 6 |  7- 9 | 10-12 | 13-15 || total
-------------------------+-------+-------+-------+-------+-------++-------
Melee: Unarmed           |    65 |   120 |   158 |   649 |   462 ||  1454
       Tentacles         |     8 |    14 |     3 |     4 |     3 ||    32
       Constrict         |    18 |    20 |     5 |     1 |       ||    44
       Kick              |    20 |    23 |     4 |       |       ||    47
       Punch             |     1 |     1 |     1 |     1 |       ||     4
 Cast: Beastly Appendage |    14 |    18 |     1 |       |       ||    33
       Wereblood         |     4 |    18 |    17 |    56 |    25 ||   120
       Ice Form          |       |     5 |    18 |    55 |    25 ||   103
Invok: Call Merchant     |       |       |       |     3 |     1 ||     4
  Use: Scroll            |     2 |     7 |     5 |    13 |     1 ||    28
       Potion            |       |       |       |     8 |     1 ||     9
 Stab: Sleeping          |     1 |     4 |       |       |       ||     5
       Confused          |       |       |       |     1 |       ||     1
       Distracted        |       |       |       |       |     5 ||     5
Armor: Skin              |     4 |    31 |    53 |   207 |   118 ||   413
Dodge: Dodged            |    36 |    80 |   118 |   492 |   314 ||  1040

Table legend: (Time is in decaauts)
 A = Elapsed time spent in this place.
 B = Non-inter-level travel time spent in this place.
 C = Inter-level travel time spent in this place.
 D = Time resting spent in this place.
 E = Time spent auto-exploring this place.
 F = Levels seen in this place.
 G = Mean time per level.
                   A        B        C        D        E       F      G
               +--------+--------+--------+--------+--------+-----+--------+
         Total |  16723 |  16231 |    492 |     48 |  12982 |  19 |  880.2 |
       Dungeon |  10385 |  10004 |    381 |     31 |   8074 |  11 |  944.1 |
        Temple |    109 |     98 |     11 |      0 |     78 |   1 |  109.0 |
          Lair |   5263 |   5163 |    100 |      0 |   4229 |   5 | 1052.6 |
         Sewer |    241 |    241 |      0 |      0 |    167 |   1 |  241.0 |
      Gauntlet |    723 |    723 |      0 |     17 |    434 |   1 |  723.0 |
               +--------+--------+--------+--------+--------+-----+--------+

Top non-repeatable levels by time:
     D:2: 1603 daAuts
  Lair:4: 1457 daAuts
  Lair:3: 1202 daAuts
  Lair:2: 1068 daAuts
     D:8: 1048 daAuts
    D:11: 972 daAuts
     D:4: 967 daAuts
     D:7: 944 daAuts
     D:6: 895 daAuts
     D:1: 866 daAuts
     D:9: 849 daAuts
    D:10: 787 daAuts
     D:3: 786 daAuts
  Lair:5: 770 daAuts
  Lair:1: 764 daAuts
